 Dungeon Crawl Stone Soup version 0.29.1-1-gd02db6906a (webtiles) character file.

Game seed: 2559831328476430744

858 Descartes the Shield-Bearer (level 8, -1/59 (61) HPs)
             Began as a Formicid Fighter on Sept 25, 2022.
             Slain by a wight
             ... wielding a +0 great sword
              (8 damage)
             ... on level 5 of the Dungeon.
             The game lasted 00:08:10 (4795 turns).

Descartes the Shield-Bearer (Formicid Fighter)      Turns: 4795, Time: 00:08:11

HP:   -1/59 (61)    AC: 13    Str: 23    XL:     8   Next: 22%
MP:   8/8           EV:  6    Int:  8    God:
Gold: 185           SH:  6    Dex: 13    Spells: 7/7 levels left

rFire   . . .      SeeInvis +   D - +0 war axe (elec)
rCold   . . .      Faith    .   c - +0 buckler
rNeg    . . .      Spirit   .   i - +0 plate armour
rPois   .          Reflect  .   (helmet unavailable)
rElec   .          Harm     .   (no cloak)
rCorr   .          Rampage  .   (no gloves)
Will    .....                   h - +0 pair of boots
Stlth   ..........              (no amulet)
HPRegen 0.19/turn               (no ring)
MPRegen 0.11/turn               (no ring)

@: lightly drained
A: permanent stasis, dig shafts and tunnels, antennae 3, four strong arms
a: Dig, Shaft Self


You were on level 5 of the Dungeon.
You visited 1 branch of the dungeon, and saw 5 of its levels.
You also visited: Ossuary.

You collected 185 gold pieces.

Inventory:

Hand Weapons
 a - a +0 war axe
 x - a +0 halberd
 y - a +0 morningstar
 B - a +4 long sword
 D - a +0 war axe of electrocution (weapon)
Missiles
 f - 6 datura-tipped darts
Armour
 b - a +0 scale mail
 c - a +0 buckler (worn)
 h - a +0 pair of boots (worn)
 i - a +0 plate armour (worn)
Jewellery
 p - a ring of magical power
Wands
 j - a wand of paralysis (6)
 n - a wand of roots (5)
Scrolls
 g - 4 scrolls of enchant weapon
 l - a scroll of vulnerability {unknown}
 o - 4 scrolls of identify
 q - a scroll of poison
 r - a scroll of amnesia
 t - 2 scrolls of butterflies {unknown}
 v - 2 scrolls of blinking {unknown}
 z - a scroll of enchant armour {unknown}
 C - a scroll of noise {unknown}
Potions
 d - 2 potions of might
 e - a potion of flight {unknown}
 k - 7 potions of curing {unknown}
 m - 3 potions of heal wounds {unknown}
 s - a potion of lignification {unknown}
 u - a potion of attraction {unknown}
 w - a potion of degeneration {unknown}
 A - a potion of resistance {unknown}


   Skills:
 + Level 4.9 Fighting
 + Level 4.6(4.8) Axes
 + Level 0.8(3.0) Maces & Flails
 + Level 0.7(3.0) Polearms
 + Level 4.9 Armour
 * Level 7.2 Shields
 + Level 2.7 Translocations


You had 7 spell levels left.
You didn't know any spells.
Your spell library was empty.

Dungeon Overview and Level Annotations

Branches:
Dungeon (5/15)            Ossuary (visited)
 Temple: D:4-7

Altars:
Wu Jian
Xom
Yredelemnul

Shops:
D:2 ?

Annotations:
D:5 Blork the orc


Innate Abilities, Weirdness & Mutations

You cannot be hasted, slowed, berserked, paralysed or teleported.
You can dig through walls and to a lower floor.
You have a pair of large antennae on your head. (SInv)
Your four strong arms can wield two-handed weapons with a shield.


Message History

a +0 club; an orc corpse Blork the orc begins to cast a cantrip, but forgets the words!
The wight hits you but does no damage. The wight attacks as you move away!
You block the wight's attack. The wight attacks as you move away!
The wight hits you but does no damage. The scorpion attacks as you move away!
You block the scorpion's attack. The scorpion stings you.
* * * LOW HITPOINT WARNING * * *
The scorpion attacks as you move away! The scorpion barely misses you.
The scorpion attacks as you move away!
The scorpion stings you but does no damage.
The scorpion attacks as you move away!
The scorpion stings you but does no damage.
The scorpion barely misses you. The scorpion attacks as you move away!
The scorpion stings you but does no damage.
The scorpion barely misses you. The scorpion attacks as you move away!
The scorpion barely misses you. The scorpion stings you.
* * * LOW HITPOINT WARNING * * *
The scorpion attacks as you move away!
The scorpion stings you but does no damage.
The scorpion attacks as you move away! The scorpion barely misses you.
You block the scorpion's attack. The scorpion attacks as you move away!
The scorpion stings you but does no damage.
Blork the orc screams, "Die!"
You block the scorpion's attack. The scorpion attacks as you move away!
The scorpion stings you but does no damage.
The scorpion attacks as you move away!
The scorpion stings you but does no damage.
The scorpion attacks as you move away!
The scorpion stings you but does no damage.
The scorpion stings you.
* * * LOW HITPOINT WARNING * * *
The scorpion attacks as you move away!
The scorpion stings you but does no damage.
The wight hits you with a +0 great sword!
You die...

#(...#### { ##..#.....
#.....##### #.######..
#.###.##># #.####.##.#.#.#
#........###..#
#############.##.#.#.#######
.....)....# #...@s.........#
#########.#######zz#.#####.#
#..........z.#
##########.#o# #.#.## #....#
{ ###..# #..# #..
#..#########..


You could see Blork the orc, a scorpion and 3 wights.

Vanquished Creatures
  A black bear (D:4)
  2 water moccasin zombies (Ossuary)
  2 wights
  A bullfrog zombie (Ossuary)
  3 centaur zombies (Ossuary)
  2 jellies (D:5)
  A hound (D:4)
  An orc priest (D:4)
  2 iguanas
  A scorpion zombie (Ossuary)
  An orc wizard (D:4)
  An ogre zombie (Ossuary)
  Robin (D:2)
  2 adders
  4 adder zombies (Ossuary)
  A worm (D:3)
  2 dart slugs
  21 orcs
  5 bats
  4 endoplasms
  2 giant cockroaches
  A gnoll zombie (Ossuary)
  21 goblins
  8 hobgoblins
  4 jackals (D:4)
  3 quokkas
  6 ball pythons
  4 frilled lizards
  5 goblin zombies (Ossuary)
  2 hobgoblin zombies (Ossuary)
  2 kobolds (D:4)
  2 orc zombies (Ossuary)
  9 rats
127 creatures vanquished.

Notes
Turn   | Place    | Note
-------+----------+-------------------------------------------
     0 | D:1      | Descartes the Formicid Fighter began the quest for the Orb.
     0 | D:1      | Reached XP level 1. HP: 18/18 MP: 1/1
   208 | D:1      | Reached XP level 2. HP: 24/24 MP: 2/2
   793 | D:1      | Reached XP level 3. HP: 28/29 MP: 3/3
  1335 | D:2      | Noticed Robin
  1347 | D:2      | Reached XP level 4. HP: 21/36 MP: 4/4
  1353 | D:2      | Killed Robin
  1354 | D:2      | Reached skill level 1 in Translocations
  1618 | D:2      | Found Dierudah's Magic Scroll Emporium.
  2026 | D:3      | Reached skill level 5 in Shields
  2234 | D:3      | Reached XP level 5. HP: 42/42 MP: 5/5
  2685 | D:4      | Noticed a black bear
  2689 | D:4      | Killed a black bear
  2690 | D:4      | Reached XP level 6. HP: 43/48 MP: 6/6
  2714 | D:4      | Found a shimmering altar of Xom.
  2714 | D:4      | Found an ornate altar of the Wu Jian Council.
  2853 | D:4      | Found a sand-covered staircase.
  2910 | Ossuary  | Entered an ossuary
  3030 | Ossuary  | Reached skill level 6 in Shields
  3150 | Ossuary  | Reached XP level 7. HP: 44/46 MP: 7/7
  3342 | Ossuary  | Noticed a silent spectre
  3739 | D:4      | Found a basalt altar of Yredelemnul.
  4210 | D:4      | Reached skill level 7 in Shields
  4210 | D:4      | Reached XP level 8. HP: 59/61 MP: 8/8
  4505 | D:5      | Entered Level 5 of the Dungeon
  4749 | D:5      | Noticed Blork the orc
  4795 | D:5      | Slain by a wight

Illustrated notes

Levels and vault maps discovered:
D:1:      giann_bridges, layout_basic
D:2:      layout_rooms, serial_shops, nicolae_square_shop,
          kennysheep_cross_bottleneck, minmay_tree_intersection, uniq_robin
D:3:      layout_basic, hex_medium
D:4:      layout_cave_pods, mainiacjoe_overflow_alcove_2,
          amethyst_overflow_temple_binary, nicolae_ossuary_entry_false_entrances
D:5:      layout_loops_ring, overflow_temple_1_default, uniq_sigmund,
          uniq_blork_the_orc

Skill      XL: |  1  2  3  4  5  6  7 |
---------------+----------------------+-----
Translocations | 1 2 |  2.7
Shields        | 5 6 7 |  7.2
Axes           | 3 4 |  4.6
Fighting       | 4 |  4.9
Armour         | 4 |  4.9
Maces & Flails | |  0.8
Polearms       | |  0.7

Action                   |  1- 3 |  4- 6 |  7- 9 || total
-------------------------+-------+-------+-------++-------
Melee: War axe           |    96 |   154 |    73 ||   323
       Morningstar       |       |       |    47 ||    47
       Long sword        |       |       |     3 ||     3
 Abil: Dig               |       |     1 |       ||     1
  Use: Scroll            |       |     6 |       ||     6
Armor: Scale mail        |    22 |       |       ||    22
       Plate armour      |    41 |   119 |   124 ||   284
Dodge: Dodged            |    47 |    54 |    52 ||   153
Block: Buckler           |    41 |    37 |    49 ||   127
